 Dungeon Crawl Stone Soup version 0.29.1-2-gbd0b4ee654 (webtiles) character file.

Game seed: 13131617391702145212

114833 croobank the Tortoise (level 16, -6/151 HPs)
             Began as a Hill Orc Fighter on Nov 18, 2022.
             Was the Champion of Beogh.
             Shot with a bolt by Vashnia (13 damage)
             ... on level 2 of the Snake Pit.
             The game lasted 01:48:37 (28118 turns).

croobank the Tortoise (Hill Orc Fighter)           Turns: 28118, Time: 01:48:38

Health: -6/151     AC: 33    Str: 25    XL:     16   Next: 67%
Magic:  18/18      EV:  8    Int:  8    God:    Beogh [******]
Gold:   1004       SH:  0    Dex: 10    Spells: 15/15 levels left

rFire   . . .      SeeInvis .   a - +3 broad axe (freeze)
rCold   + + +      Faith    .   I - +1 buckler of Light {rN+ Will++ Regen+ Dex-4}
rNeg    + . .      Spirit   .   V - +4 plate armour {rC+}
rPois   +          Reflect  .   d - +0 helmet of Leed Doa {Drain rC+ Regen+ Dex+2}
rElec   .          Harm     .   W - +2 cloak
rCorr   +          Rampage  .   l - +1 pair of gloves
Will    +++..                   g - +1 pair of boots
Stlth   ..........              t - amulet "Moetsar" {rC++ Regen+ rCorr MP-9 Stlth+}
HPRegen 2.75/turn               k - ring of poison resistance
MPRegen 0.16/turn               (no ring)

@: confused, silenced (expiring), ambrosia-drunk, attractive
A: walk on water
a: Renounce Religion


You were on level 2 of the Snake Pit.
You worshipped Beogh.
Beogh was exalted by your worship.
You visited 3 branches of the dungeon, and saw 22 of its levels.
You also visited: Trove and Ice Cave.

You collected 1868 gold pieces.
You spent 864 gold pieces at shops.

Inventory:

Hand Weapons
 a - a +3 broad axe of freezing (weapon)
 C - the +5 whip of True Grit {vamp, rElec rF+ Dex-3}
   (You found it on level 6 of the Dungeon)

   It occasionally heals its wielder for a portion of the damage dealt when it
   wounds a living foe.
   Dex:       It affects your dexterity (-3).
   rF:        It protects you from fire.
   rElec:     It insulates you from electricity.
 K - a +0 demon blade of flaming
Armour
 d - the +0 helmet of Leed Doa (worn) {Drain rC+ Regen+ Dex+2}
   (You acquired it on level 5 of the Lair of Beasts)

   Dex:       It affects your dexterity (+2).
   rC:        It protects you from cold.
   Regen:     It increases your rate of health regeneration.
   Drain:     It drains your maximum health when unequipped.
 f - the +3 chain mail "Digialim" {Harm rPois Int+4}
   (You found it on level 3 of the Dungeon)

   Int:       It affects your intelligence (+4).
   rPois:     It protects you from poison.
   Harm:      It increases damage dealt and taken.
 g - a +1 pair of boots (worn)
 l - a +1 pair of gloves (worn)
 D - a +2 hat of willpower
 F - a +0 troll leather armour
 I - the +1 buckler of Light (worn) {rN+ Will++ Regen+ Dex-4}
   (You found it on level 4 of the Lair of Beasts)

   Dex:       It affects your dexterity (-4).
   rN:        It protects you from negative energy.
   Regen:     It increases your rate of health regeneration.
   Will:      It greatly increases your willpower.
 J - a +1 kite shield of cold resistance
 V - a +4 plate armour of cold resistance (worn)
 W - a +2 cloak (worn)
Jewellery
 c - the ring of Ditogo {rElec rCorr}
   (You found it in a treasure trove)

   [ring of resist corrosion]

   rElec:     It insulates you from electricity.
   rCorr:     It protects you from acid and corrosion.
 h - an amulet of faith
 i - the ring of Plog {rC- Int+4 Slay+6 SInv}
   (You found it in a treasure trove)

   [ring of see invisible]

   Int:       It affects your intelligence (+4).
   Slay:      It affects your accuracy & damage with ranged weapons and melee
   (+6).
   rC:        It makes you vulnerable to cold.
   SInv:      It lets you see invisible.
 k - a ring of poison resistance (left hand)
 p - a ring of positive energy
 t - the amulet "Moetsar" (around neck) {rC++ Regen+ rCorr MP-9 Stlth+}
   (You found it in a treasure trove)

   [amulet of regeneration]

   rC:        It greatly protects you from cold.
   MP:        It affects your magic capacity (-9).
   Regen:     It increases your rate of health regeneration.
   rCorr:     It protects you from acid and corrosion.
   Stlth:     It makes you more stealthy.
 w - the amulet of Zuk Buopn {Reflect rC+ rN+ SH+5 Stlth+}
   (You found it in a treasure trove)

   [amulet of reflection]

   It reflects blocked missile attacks.
   rC:        It protects you from cold.
   rN:        It protects you from negative energy.
   SH:        It affects your SH (+5).
   Stlth:     It makes you more stealthy.
 x - a ring of protection from cold
 B - the ring "Pytik" {Ice +Blink rElec Dex-2 Stlth+}
   (You found it in a treasure trove)

   [ring of ice]

   It enhances your ice magic.
   Dex:       It affects your dexterity (-2).
   rF:        It makes you vulnerable to fire.
   rC:        It protects you from cold.
   rElec:     It insulates you from electricity.
   +Blink:    It lets you blink.
   Stlth:     It makes you more stealthy.
 G - the ring "Qaigif" {Str+2 SInv}
   (You found it in a treasure trove)

   [ring of see invisible]

   Str:       It affects your strength (+2).
   SInv:      It lets you see invisible.
 O - the ring "Qyusax" {+Blink Fly Will+ Int-5}
   (You found it in a treasure trove)

   [ring of flight]

   Int:       It affects your intelligence (-5).
   Fly:       It grants you flight.
   +Blink:    It lets you blink.
   Will:      It increases your willpower.
 R - a +4 ring of slaying
 S - the ring "Vid Fis" {Will++ rCorr Dex+6}
   (You found it in a treasure trove)

   [ring of dexterity]

   Dex:       It affects your dexterity (+6).
   rCorr:     It protects you from acid and corrosion.
   Will:      It greatly increases your willpower.
 Z - a ring of flight
Wands
 n - a wand of mindburst (9)
 y - a wand of quicksilver (9)
 M - a wand of flame (23)
 T - a wand of roots (11)
 Y - a wand of digging (3)
Scrolls
 s - 2 scrolls of teleportation
 v - 5 scrolls of magic mapping
 E - a scroll of vulnerability
 H - 3 scrolls of poison
 X - 2 scrolls of identify
Potions
 b - a potion of ambrosia
 j - 5 potions of brilliance
 o - a potion of flight
 q - a potion of mutation
 r - 2 potions of resistance
 z - 2 potions of might
 A - 2 potions of attraction
 N - 6 potions of curing
 P - 2 potions of cancellation
 Q - 3 potions of magic
Miscellaneous
 m - a tin of tremorstones (2/2)


   Skills:
 + Level 16.1 Fighting
 - Level 18.0 Axes
 + Level 18.1 Armour
 - Level 12.4 Shields
 + Level 15.1 Invocations


You had 15 spell levels left.
You didn't know any spells.
Your spell library contained the following spells:

 Spells                   Type           Power      Damage    Failure   Level
 Apportation              Tloc           0%         N/A       97%         1
 Magic Dart               Conj           0%         1d3       97%         1
 Shock                    Conj/Air       0%         1d3       97%         1
 Scorch                   Fire           0%         2d5       99%         2
 Searing Ray              Conj           0%         2d4       99%         2
 Confusing Touch          Hex            0%         N/A       100%        3
 Dazzling Flash           Conj/Hex       0%         N/A       100%        3
 Swiftness                Air            0%         N/A       100%        3
 Airstrike                Air            0%         2d(0-16)  100%        4
 Flame Wave               Conj/Fire      0%         2d4       100%        4
 Fulminant Prism          Conj/Hex       0%         3d6       100%        4
 Iskenderun's Mystic Bla  Conj/Tloc      0%         2d3       100%        4
 Leda's Liquefaction      Hex/Erth       0%         N/A       100%        4
 Alistair's Intoxication  Tmut/Pois      0%         N/A       100%        5
 Fireball                 Conj/Fire      0%         3d3       100%        5
 Lee's Rapid Deconstruct  Erth           0%         3d5*      100%        5
 Summon Forest            Summ/Tloc      0%         N/A       100%        5
 Yara's Violent Unravell  Hex/Tmut       0%         3d3       100%        5
 Eringya's Noxious Bog    Tmut/Pois      0%         N/A       100%        6
 Starburst                Conj/Fire      0%         6d3       100%        6
 Statue Form              Tmut/Erth      0%         N/A       100%        6
 Summon Cactus Giant      Summ           0%         N/A       100%        6
 Enfeeble                 Hex            0%         N/A       100%        7
 Summon Hydra             Summ           0%         N/A       100%        7
 Ignition                 Fire           0%         3d3       100%        8


Dungeon Overview and Level Annotations

Branches:
Dungeon (15/15)            Temple (0/1) D:6            Lair (5/5) D:11
 Shoals (0/4) Lair:2        Snake (2/4) Lair:2        Slime (0/5) Lair:4
    Orc (0/2) D:12         Vaults (0/5) D:14          IceCv (visited)
 Depths: D:15

Altars:
Cheibriados
Elyvilon
Hepliaklqana
Qazlal
Vehumet
Xom
Yredelemnul
The Shining One
Jiyva

Shops:
D:2 *   D:12 (   D:15 (   Snake:1 *

Annotations:
D:6 2 runed translucent doors, elongatedgoose's ghost, novice GnTm
D:9 4 transporters
D:12 1 runed translucent door, lotum's ghost, journeyman DsAK
Snake:2 Vashnia


Message History

The roots lose their grip on the naga sharpshooter.
The naga sharpshooter is attracted toward you. x2
You feel better.
The naga sharpshooter shoots an arrow.
The arrow hits you!
* * * LOW HITPOINT WARNING * * *
Vashnia shoots a bolt.
The bolt hits you!
* * * LOW HITPOINT WARNING * * *
You barely miss Vashnia.
Vashnia is heavily wounded.
You hit the naga sharpshooter. You freeze the naga sharpshooter.
You barely miss the naga sharpshooter.
The naga sharpshooter mumbles some strange words.
The naga sharpshooter magically shoots an arrow.
You block the arrow.
You slash Vashnia! You freeze Vashnia.
Vashnia is severely wounded.
You slice the naga sharpshooter!! You freeze the naga sharpshooter!
You slice the naga sharpshooter!! You freeze the naga sharpshooter.
Vashnia spits poison at you. The splash of poison misses you.
The splash of poison hits the naga sharpshooter.
The naga sharpshooter completely resists.
The naga sharpshooter casts a spell.
You are confused.
You feel invigorated.
The naga sharpshooter gestures wildly while chanting.
The naga sharpshooter magically shoots an arrow.
The arrow hits you but does no damage.
Vashnia gestures wildly while chanting.
Vashnia magically shoots a bolt.
The bolt hits you!!
* * * LOW HITPOINT WARNING * * *
The naga sharpshooter spits poison at you.
The splash of poison hits you but does no damage.
You resist.
You barely miss the naga sharpshooter.
The naga sharpshooter is heavily wounded.
You slash the naga sharpshooter! You freeze the naga sharpshooter.
You kill the naga sharpshooter!
Beogh accepts your kill.
You barely miss Vashnia.
Vashnia shoots a bolt.
The bolt hits you!
You die...

####### .#
+.....# #.#
+.....#
#.#####
#####.#
#.....+ #.#
#.....+
#.####.....
####.N....#
#.NN@)....#
#.N######.#
##''## #.#
#....## #§#
#.....## #§#
#......###§#
+.......##§#
#.......##§#
#...N...##§##


You could see Vashnia (strong, catching breath) and 3 naga sharpshooters.

Vanquished Creatures
  Jorgrun (D:13)
  An Ice Fiend (IceCv)
  Gastronok (Lair:2)
  A nagaraja (Snake:2)
  2 orc warlords (D:14)
  Louise (D:14)
  A very ugly thing (IceCv)
  5 dire elephants
  2 orc knights
  4 vault guards
  8 hydras
  5 boulder beetles
  An ice dragon (Snake:1)
  A centaur warrior (D:13)
  Erolcha (D:9)
  3 naga warriors (Snake:1)
  Erica (Lair:2)
  4 death yaks (Lair:5)
  2 anacondas (Snake:1)
  2 two-headed ogres
  2 tengu warriors (D:15)
  4 naga sharpshooters
  2 spectral dire elephants (Lair:5)
  A fire crab (shapeshifter) (D:14)
  2 spectral death yaks (Lair:5)
  A spectral anaconda (Lair:5)
  2 obsidian statues
  2 deep elf pyromancers
  6 spriggan simulacra (IceCv)
  2 wizards
  3 necromancers (Lair:5)
  2 mana vipers (Snake:1)
  9 ugly things
  An orc sorcerer (D:14)
  10 black mambas
  Maurice (D:8)
  4 cyclopes
  2 manticores (D:13)
  27 elephants
  A merfolk siren (Lair:2)
  3 torpor snails
  A guardian serpent (Snake:1)
  2 naga magi (Snake:1)
  15 cane toads
  An unseen horror (D:10)
  4 rime drakes
  5 freezing wraiths (IceCv)
  2 yaktaurs (D:14)
  2 dire elephant skeletons (Lair:5)
  12 komodo dragons
  6 ice devils (IceCv)
  2 kobold demonologists
  An anaconda simulacrum (IceCv)
  A tengu conjurer (D:15)
  4 burning bushes (Lair:2)
  A polar bear (Lair:4)
  6 trolls
  16 blink frogs
  2 spectral elephants (Lair:5)
  A centaur simulacrum (D:15)
  2 dire elephant simulacra (IceCv)
  A shadow (D:12)
  5 wyverns
  10 basilisks
  3 water elementals (D:14)
  A yak (shapeshifter) (D:14)
  A spriggan (Lair:4)
  82 yaks
  Eustachio (D:4)
  4 wraiths
  A steam dragon (D:8)
  7 vampire mosquitoes
  5 harpy simulacra (IceCv)
  5 minotaur simulacra (IceCv)
  6 nagas
  12 water moccasins
  3 acid dragons
  14 orc warriors
  A sky beast (D:7)
  2 ice beasts (D:6)
  2 black bears
  2 ogres (D:5)
  An elephant zombie (Lair:5)
  3 alligator simulacra (IceCv)
  6 wolves
  9 centaurs
  A phantom (D:12)
  12 bullfrogs
  3 scorpions
  3 gnoll sergeants
  3 necrophages
  A cane toad simulacrum (Lair:5)
  10 deep troll simulacra (IceCv)
  7 wights
  A troll zombie (D:12)
  8 killer bees (D:9)
  A lindwurm simulacrum (IceCv)
  A howler monkey (D:6)
  2 electric eels (D:14)
  4 orc priests
  2 hounds
  A jelly (D:6)
  3 gnoll boudas
  Crazy Yiuf (D:5)
  6 iguanas
  17 orc wizards
  7 ogre zombies (D:12)
  28 gnolls
  9 adders
  5 worms
  A dart slug (D:2)
  36 orcs
  10 ball pythons
  7 bats
  6 endoplasms
  5 giant cockroaches
  11 goblins
  13 hobgoblins
  2 jackals (D:4)
  6 quokkas
  3 frilled lizards
  2 goblin skeletons (D:12)
  3 goblin zombies (D:12)
  A hobgoblin zombie (D:12)
  10 kobolds
  3 orc skeletons (D:12)
  11 orc zombies (D:12)
  4 rats
677 creatures vanquished.

Vanquished Creatures (collateral kills)
  Frances (D:13)
  Nessos (D:13)
  2 hydras
  A centaur warrior (D:13)
  A deep elf pyromancer (D:14)
  An oklob plant (D:11)
  A cyclops (D:14)
  5 elephants (Lair:4)
  An unseen horror (D:11)
  A blink frog (Lair:1)
  A shadow (D:11)
  5 yaks
  A wyvern (Lair:1)
  A basilisk (Lair:1)
  A steam dragon (Lair:1)
  2 water moccasins (Lair:1)
  A deep troll simulacrum (IceCv)
  An orc priest (D:9)
  A gnoll (D:11)
  2 goblin skeletons (D:12)
  A hobgoblin zombie (D:12)
  An orc skeleton (D:12)
  An orc zombie (D:12)
  2 butterflies (Lair:1)
36 creatures vanquished.

Vanquished Creatures (others)
  4 orc knights
  2 orc warriors
  10 orc priests
  2 orc wizards
  A gnoll (D:7)
  6 orcs
  107 fungi
  131 plants
  30 withered plants (Lair:5)
293 creatures vanquished.

Grand Total: 1006 creatures vanquished

Notes
Turn   | Place    | Note
-------+----------+-------------------------------------------
     0 | D:1      | croobank the Hill Orc Fighter began the quest for the Orb.
     0 | D:1      | Reached XP level 1. HP: 19/19 MP: 1/1
   103 | D:3      | Identified the +3 chain mail "Digialim" {Harm rPois Int+4}
   129 | D:2      | Found Xiceiw's General Store.
   309 | D:2      | Reached XP level 2. HP: 27/27 MP: 2/2
   469 | D:2      | Reached XP level 3. HP: 32/33 MP: 3/3
   493 | D:2      | Noticed a black bear
   716 | D:1      | Found a faded altar of an unknown god.
  1137 | D:2      | Reached XP level 4. HP: 40/40 MP: 4/4
  1467 | D:2      | Killed a black bear
  1468 | D:2      | Reached XP level 5. HP: 35/47 MP: 5/5
  2129 | D:4      | Reached skill level 5 in Armour
  2297 | D:4      | Found a glowing golden altar of the Shining One.
  2336 | D:4      | Reached XP level 6. HP: 55/55 MP: 6/6
  2600 | D:4      | Noticed Eustachio
  2603 | D:4      | Killed Eustachio
  2604 | D:4      | Reached skill level 5 in Fighting
  2607 | D:4      | Reached XP level 7. HP: 61/61 MP: 7/7
  2625 | D:4      | Reached skill level 5 in Axes
  3012 | D:4      | Found a hazy altar of Hepliaklqana.
  3235 | D:5      | Entered Level 5 of the Dungeon
  3235 | D:5      | Found a radiant altar of Vehumet.
  3269 | D:5      | Reached skill level 5 in Shields
  3570 | D:5      | Reached XP level 8. HP: 49/70 MP: 8/8
  3936 | D:5      | Noticed a troll
  4151 | D:6      | Found a staircase to the Ecumenical Temple.
  4505 | D:5      | Killed a troll
  4594 | D:5      | Found a runed translucent door.
  4595 | D:5      | Noticed Crazy Yiuf
  4664 | D:5      | Killed Crazy Yiuf
  4668 | D:5      | Identified the +2 hammer of the Hills {holy, rN+ Int+2}
  4919 | D:6      | Found a large runed translucent door.
  4920 | D:6      | Found a large runed translucent door.
  4920 | D:6      | Noticed elongatedgoose's ghost (novice GnTm)
  5223 | D:6      | Identified the +5 whip of True Grit {vamp, rElec rF+ Dex-3}
  5504 | D:7      | Reached XP level 9. HP: 79/79 MP: 9/9
  5619 | D:7      | Became a worshipper of Beogh the Brigand
  6095 | D:7      | Found a flagged portal.
  6224 | D:7      | Reached * piety under Beogh
  6550 | D:8      | Noticed Maurice
  6561 | D:8      | Paralysed by Maurice for 2 turns
  6566 | D:8      | Paralysed by Maurice for 3 turns
  6596 | D:8      | Killed Maurice
  6768 | D:8      | Reached skill level 10 in Armour
  6778 | D:8      | Reached XP level 10. HP: 9/88 MP: 10/10
  7128 | D:7      | Reached skill level 15 in Axes
  7128 | D:7      | Reached XP level 11. HP: 95/95 MP: 11/11
  7221 | D:8      | Identified the +2 falchion of Laceration {elec, Dex+4}
  8052 | D:9      | Reached skill level 1 in Invocations
  8160 | D:9      | Found a transporter.
  8163 | D:9      | Found a transporter.
  8165 | D:9      | Found a transporter.
  8247 | D:9      | Reached ** piety under Beogh
  8397 | D:9      | Noticed Erolcha
  8405 | D:9      | Killed Erolcha
  8412 | D:10     | Entered Level 10 of the Dungeon
  8594 | D:10     | Found a stormy altar of Qazlal.
  9092 | D:9      | Found a transporter.
  9364 | D:9      | Reached *** piety under Beogh
  9589 | D:9      | Found a snail-covered altar of Cheibriados.
  9864 | D:10     | Found a basalt altar of Yredelemnul.
 10356 | D:10     | Found a white marble altar of Elyvilon.
 10468 | D:11     | Found a staircase to the Lair.
 10468 | D:11     | Noticed an oklob plant
 10506 | D:11     | Killed an oklob plant
 10752 | D:11     | Noticed a cyclops
 10752 | D:11     | Noticed a six-headed hydra
 10760 | D:11     | Killed a five-headed hydra
 10773 | D:11     | Gained Agrik as an ally
 10780 | D:11     | Killed a cyclops
 10783 | D:11     | Reached XP level 12. HP: 61/105 MP: 15/15
 11085 | D:11     | Noticed a two-headed ogre
 11094 | D:11     | Killed a two-headed ogre
 11500 | Lair:1   | Entered Level 1 of the Lair of Beasts
 11537 | Lair:1   | You fall into a shaft and drop 1 floor!
 11636 | Lair:2   | Noticed Erica
 11647 | Lair:2   | Noticed a boulder beetle
 11651 | Lair:2   | Killed Erica
 11652 | Lair:2   | Reached skill level 5 in Invocations
 11958 | Lair:2   | Reached skill level 10 in Fighting
 12198 | Lair:2   | Noticed a seven-headed hydra
 12434 | Lair:1   | Your ally Agrik died
 12442 | Lair:1   | Reached **** piety under Beogh
 13339 | Lair:2   | Found a staircase to the Shoals.
 13430 | Lair:1   | HP: 1/107 [13-headed hydra (13)]
 13845 | Lair:2   | Found a staircase to the Snake Pit.
 13869 | Lair:2   | Killed a boulder beetle
 14198 | Lair:2   | Noticed Gastronok
 14353 | Lair:2   | Killed Gastronok
 14354 | Lair:2   | Reached XP level 13. HP: 61/114 MP: 18/18
 14951 | Lair:3   | Reached skill level 10 in Shields
 15005 | Lair:3   | Identified the +2 leather armour of Negligence {Harm
                  | Slay+2}
 15876 | Lair:4   | Reached ***** piety under Beogh
 16338 | Lair:4   | Noticed a dire elephant
 16405 | Lair:4   | Killed a dire elephant
 16424 | Lair:4   | Gained Bogric as an ally
 16445 | Lair:4   | Your ally Bogric died
 16484 | Lair:4   | Reached XP level 14. HP: 54/125 MP: 20/20
 17238 | Lair:4   | Identified the +1 buckler of Light {rN+ Will++ Regen+
                  | Dex-4}
 17442 | Lair:4   | Found a viscous altar of Jiyva.
 17445 | Lair:4   | Found a staircase to the Slime Pits.
 17551 | Lair:5   | Entered Level 5 of the Lair of Beasts
 18336 | Lair:5   | Reached skill level 15 in Armour
 19489 | Lair:5   | Reached skill level 10 in Invocations
 19676 | Lair:5   | Gained Spirok as an ally
 20073 | Lair:5   | Noticed a dire elephant
 20073 | Lair:5   | Noticed a dire elephant
 20073 | Lair:5   | Noticed a dire elephant
 20073 | Lair:5   | Noticed a dire elephant
 20076 | Lair:5   | Your ally Spirok died
 20091 | Lair:5   | Killed a dire elephant
 20562 | Lair:5   | Identified a scroll of acquirement
 20562 | Lair:5   | Acquired the +0 helmet of Leed Doa {Drain rC+ Regen+ Dex+2}
 20900 | Lair:5   | Reached ****** piety under Beogh
 20907 | Lair:5   | Reached XP level 15. HP: 129/136 MP: 23/23
 21429 | Lair:5   | Identified the +5 mace of the King {chaos, rCorr Str+3}
 21862 | D:2      | Bought a potion of heal wounds for 65 gold pieces
 21862 | D:2      | Bought a scroll of summoning for 123 gold pieces
 21862 | D:2      | Bought a scroll of acquirement for 676 gold pieces
 22240 | D:12     | Found a staircase to the Orcish Mines.
 22354 | D:12     | Found a runed translucent door.
 22355 | D:12     | Found a shimmering altar of Xom.
 22355 | D:12     | Noticed lotum's ghost (journeyman DsAK)
 22356 | D:12     | Identified the +11 great mace of Propriety {chaos, rN+
                  | Will+ Str+2}
 22393 | D:12     | Found Yfifem's Antique Weapon Shop.
 22722 | D:13     | Noticed Frances
 22739 | D:13     | Killed Frances
 22763 | D:13     | Found a portal to a secret trove of treasure.
 22784 | D:13     | You paid a toll of 2 scrolls of acquirement to enter a
                  | treasure trove
 22785 | Trove    | Entered a treasure trove
 22796 | Trove    | Identified the ring of Plog {rC- Int+4 Slay+6 SInv}
 22799 | Trove    | Identified the amulet "Moetsar" {rC++ Regen+ rCorr MP-9
                  | Stlth+}
 22801 | Trove    | Identified the ring "Pytik" {Ice +Blink rElec Dex-2 Stlth+}
 22803 | Trove    | Identified the ring "Qaigif" {Str+2 SInv}
 22805 | Trove    | Identified the ring "Qyusax" {+Blink Fly Will+ Int-5}
 22809 | Trove    | Identified the ring "Vid Fis" {Will++ rCorr Dex+6}
 22815 | Trove    | Identified the amulet "Yskimne" {Acrobat Fragile Dex+7}
 22816 | Trove    | Identified the amulet of Zuk Buopn {Reflect rC+ rN+ SH+5
                  | Stlth+}
 22817 | Trove    | Identified the amulet of Unaguila {Acrobat Will+ rCorr
                  | Int+3}
 22818 | Trove    | Identified the ring of Ditogo {rElec rCorr}
 23089 | D:13     | Noticed Jorgrun
 23104 | D:13     | Killed Jorgrun
 23259 | D:13     | Noticed Nessos
 23263 | D:13     | Killed Nessos
 23298 | D:13     | Identified the +6 morningstar of Beyond {vamp, Str+3}
 23870 | D:14     | Gained Horkud as an ally
 23955 | D:14     | Found a gate to the Vaults.
 23957 | D:14     | Was placed under penance by Beogh
 23977 | D:15     | Entered Level 15 of the Dungeon
 25135 | D:14     | Noticed an orc warlord
 25149 | D:14     | Killed an orc warlord
 25360 | D:14     | Reached XP level 16. HP: 129/147 MP: 17/26
 25363 | D:14     | Reached skill level 15 in Fighting
 25611 | D:15     | Found Faduag's Weapon Boutique.
 25714 | D:15     | Was forgiven by Beogh
 25847 | D:15     | Noticed Louise
 25880 | D:14     | Killed Louise
 26070 | Snake:1  | Entered Level 1 of the Snake Pit
 26084 | Snake:1  | Found a frozen archway.
 26103 | IceCv    | Entered an ice cave
 26206 | IceCv    | Gained Ugrim as an ally
 26209 | IceCv    | Your ally Ugrim died
 26328 | IceCv    | Noticed an Ice Fiend
 26395 | IceCv    | Killed an Ice Fiend
 26555 | IceCv    | Identified the +0 chain mail of Dyspraxia {Dex+2}
 26558 | IceCv    | Identified the ring of the Meadowlark {Ice Int+4}
 26801 | IceCv    | Gained Nordag as an ally
 26801 | IceCv    | Gained Ogrik as an ally
 26822 | IceCv    | Your ally Nordag died
 27010 | Snake:1  | Your ally Ogrik died
 27324 | Snake:1  | Found Humn's Overcharged Wands.
 27434 | Snake:1  | Reached skill level 15 in Invocations
 27912 | Snake:2  | Noticed a nagaraja
 27924 | Snake:2  | Killed a nagaraja
 27925 | Snake:2  | Noticed Vashnia
 28117 | Snake:2  | HP: 2/151 [Vashnia/bolt (23)]
 28118 | Snake:2  | Shot with a bolt by Vashnia

Illustrated notes

Levels and vault maps discovered:
D:1:      lightli_arrival_isolated_outpost, layout_loops_ring,
          ebering_ecumenical_altar_box
D:2:      layout_basic, serial_shops, nicolae_shop_advertising_works
          [nicolae_subvault_shop_adworks], serial_bayou_pond_c,
          supply_closet_lemuel, minmay_vboxes
D:3:      layout_rooms
D:4:      layout_basic, tso_oasis_becter, nzn_hepliaklqana_mist_gate,
          wad_floor_pattern_untrapped, minmay_increasing_density, uniq_eustachio
D:5:      layout_rooms, lemuel_crystal_altar, kennysheep_generic_room_16,
          uniq_crazy_yiuf_cottage
D:6:      layout_basic, temple_pool_b, ebering_ghost_disaster_area
D:7:      layout_gridville, lightli_bailey_entry_fortress,
          hangedman_abyss_or_decor_lesser_grid
D:8:      layout_loops_ring, uniq_maurice, uniq_grum
D:9:      layout_basic, amcnicky_altar_gilded, nicolae_diode_quadrants,
          uniq_erolcha
D:10:     layout_irregular_city, nicolae_qazlal_general_emergency,
          kennysheep_ying_yang
D:11:     layout_roguey, dpeg_oklobed_lair
D:12:     layout_roguey, zombieorc2_lemuel, serial_shops, shop,
          ebering_ghost_xom
D:13:     layout_loops_ring, nicolae_trove_entry_isolated, uniq_frances,
          uniq_jorgrun, uniq_nessos
D:14:     layout_cave_pools, lightli_vaults_fourway_checkpoint, kennysheep_boxes
D:15:     grunt_enter_depths_snipers, layout_loops_cross,
          nicolae_uskayaw_en_pointe, serial_shops, nicolae_diamond_shop,
          zin_scriptorium, uniq_louise
Lair:1:   layout_concentric_octagons, lemuel_fruit_fields,
          infiniplex_staircase_pool_2, serial_bayou_shore_b
Lair:2:   layout_roguey, minmay_shoals_entry_lonely_mermaid,
          minmay_snake_entry_guardpost_small, evilmike_ambush
          [evilmike_ambush_outer_basic, evilmike_ambush_inner_pond],
          grunt_megastairs_5, uniq_gastronok, uniq_erica
Lair:3:   layout_roguey
Lair:4:   mu_elephants_graveyard, layout_layer_cave, dpeg_slime_entry_corner,
          grunt_megastairs_1
Lair:5:   due_jungle_book, layout_small_grid, grunt_megastairs_3
Snake:1:  layout_cave_shapes, portal_ice_cave_entry_dragon,
          nicolae_shop_overcharged_wands
Snake:2:  layout_gridlike, uniq_vashnia

Skill      XL: |  1  2  3  4  5  6  7  8  9 10 11 12 13 14 15 16 |
---------------+-------------------------------------------------+-----
Axes           | 3 4 5 7 8 15 16 17 18 | 18.0
Fighting       | 4 5 7 8 9 10 11 13 14 16 | 16.1
Armour         | 4 5 6 8 10 11 13 14 16 17 18 | 18.1
Shields        | 4 5 6 7 8 9 10 12 | 12.4
Invocations    | 4 7 8 11 13 15 | 15.1

Action                   |  1- 3 |  4- 6 |  7- 9 | 10-12 | 13-15 | 16-18 || total
-------------------------+-------+-------+-------+-------+-------+-------++-------
Melee: War axe           |   107 |   164 |   119 |       |       |       ||   390
       Broad axe         |       |       |   219 |   471 |   913 |   412 ||  2015
       Demon blade       |       |       |       |    14 |    49 |    17 ||    80
       Whip              |       |       |       |       |    11 |    24 ||    35
Throw: Throwing net      |       |       |       |     1 |     1 |     1 ||     3
Invok: Convert to Beogh  |       |       |     1 |       |       |       ||     1
       Smiting           |       |       |       |     3 |       |       ||     3
       Recall Orcish Fol |       |       |       |     2 |       |       ||     2
       Resurrection      |       |       |       |       |     1 |       ||     1
       Give Item to Name |       |       |       |       |       |     1 ||     1
Evoke: Wand              |       |     3 |    10 |    15 |     8 |     8 ||    44
  Use: Scroll            |       |     3 |       |    24 |     9 |     5 ||    41
       Potion            |       |       |       |     8 |     5 |     9 ||    22
 Stab: Distracted        |       |       |       |       |     3 |       ||     3
Armor: Chain mail        |    74 |   114 |   267 |   323 |   643 |   142 ||  1563
       Scale mail        |     1 |       |       |       |       |       ||     1
       Plate armour      |       |       |       |       |       |   177 ||   177
Dodge: Dodged            |    39 |    49 |   127 |   161 |   317 |   138 ||   831
Block: Buckler           |    23 |    36 |   104 |   178 |   302 |   157 ||   800
